AoeStats
← terror maus7297

Migration

509587685Analyzed
1v1 RM · 4d ago on Sep 27, 2026· 28m 10s· 2 players
Game mode
Random Map
Map size
132×132
Population
200
Speed
Normal
Resources
Standard
Victory
Conquest
Starting age
Dark Age
Ending age
Imperial Age
RankedLock teamsTeams togetherTeam positionsShared explorationLock speedFull tech treeHidden civsTurbo modeCheats
Victory
Defeat
🇩🇪 Italians · Germany
958
+16
🇮🇹 Goths · Italy
948
-16
JAAC
5:49 Loom
10:27 Feudal Age
10:53 Double-Bit Axe
11:51 Wheelbarrow
18:18 Castle Age
16:53 Horse Collar
18:34 Fletching
18:43 Demolition Ship
26:09 Pikeman
terror maus7297
8:36 Loom
10:57 Feudal Age
12:21 Wheelbarrow
11:34 Horse Collar
11:44 Double-Bit Axe
15:28 Gold Mining
19:49 Castle Age
19:41 Bloodlines
21:52 Hand Cart
24:51 Town Watch
26:18 Husbandry
27:25 Bow Saw
Connection lost

Rejoining the realm…

Still unreachable

The connection could not be restored.

Session expired

The server has moved on; the page needs a fresh start.